Map: Abyssal Reef LE

Players

Geralt (Gerald)

  • Race: Protoss Protoss
  • League: Grandmaster
  • Spawn Location: 11:00

Spirit (souL) - Winner!

  • Race: Terran Terran
  • League: Master
  • Spawn Location: 5:00

Event: HomeStory Cup XXVI

VOD

Have the link to the VOD?

Description

Time

  • Played on: Nov. 29, 2024, 12:35 p.m.
  • Length: 15:21

All games in this series

Show
View Real Time Build Order
Export as new Build Order

Geralt Protoss 

Build Orders: 1 Gate Expand, Blink Stalkers, Chargelot Immortal 

Get SALT Encoding   

  12  0:03  Probe  
  13  0:15  Probe  
  13  0:18  Pylon  
  14  0:25  Probe  
  15  0:33  Probe  
  15  0:38  Gateway  
  15  0:41  Probe  
  16  0:47  Assimilator  
  17  0:53  Probe  
  18  1:05  Probe  
  19  1:17  Probe  
  20  1:25  Cybernetics Core  
  20  1:30  Probe  
  21  1:38  Nexus  
  21  1:42  Probe  
  21  1:47  Pylon  
  22  1:54  Probe  
  22  1:57  Assimilator, Adept  
  23  2:06  Probe  
  25  2:12  Warp Gate  
  25  2:15  Stalker  
  25  2:25  Shield Battery  
  27  2:32  Probe  
  28  2:44  Twilight Council, Probe  
  29  2:47  Stalker  
  31  2:51  Probe  
  31  2:56  Probe  
  33  3:01  Blink  
  33  3:04  Probe  
  34  3:08  Probe  
  35  3:16  Probe  
  36  3:20  Probe  
  37  3:28  Probe  
  37  3:32  Probe  
  39  3:35  Robotics Facility  
  39  3:40  Probe  
  40  3:43  Gateway  
  40  3:44  Probe  
  41  3:52  Probe  
  42  3:56  Probe  
  42  3:58  Gateway  
  42  4:02  Stalker  
  43  4:04  Probe  
  43  4:08  Probe  
  45  4:12  Pylon  
  45  4:17  Nexus  
  45  4:19  Probe  
  45  4:22  Pylon  
  46  4:28  Assimilator  
  46  4:30  Observer, Probe  
  46  4:31  Sentry  
  50  4:32  Probe  
  51  4:38  Stalker  
  51  4:40  Pylon  
  51  4:42  Probe  
  51  4:44  Probe  
  55  4:46  Pylon  
  55  4:54  Probe  
  55  4:55  Immortal  
  55  4:57  Probe  
  61  5:06  Probe  
  62  5:09  Probe  
  62  5:10  Assimilator, Stalker  
  62  5:12  Stalker  
  62  5:14  Stalker  
  69  5:18  Probe  
  70  5:21  Probe  
  70  5:22  Charge  
  71  5:30  Probe  
  72  5:37  Gateway  
  72  5:38  Gateway, Probe  
  72  5:41  Gateway, Probe  
  74  5:43  Probe  
  75  5:50  Probe  
  75  5:53  Probe  
  75  5:55  Zealot x3, Probe  
  84  6:05  Immortal  
  84  6:08  Probe  
  86  6:17  Stalker x3  
  90  6:27  Nexus  
  90  6:32  Templar Archives  
  90  6:34  Pylon  
  90  6:38  Shield Battery  
  90  6:46  Pylon  
  90  6:47  Pylon  
  90  6:48  Pylon  
  90  6:52  Pylon  
  90  7:03  Psionic Storm  
  90  7:04  Probe x2  
  90  7:07  Zealot x4  
  98  7:12  Zealot x2  
  102  7:16  Probe x2  
  104  7:22  Pylon  
  104  7:25  Pylon  
  104  7:36  High Templar x3  
  104  7:37  High Templar x2  
  113  7:44  Probe  
  113  7:45  Probe  
  115  7:53  Gateway  
  115  7:55  Gateway  
  115  7:56  Probe  
  115  7:58  Warp Prism  
  118  8:04  Probe  
  118  8:05  Forge  
  119  8:06  Forge  
  117  8:22  Nexus  
  117  8:23  Pylon  
  117  8:25  Stalker, Zealot  
  117  8:26  Zealot  
  123  8:28  Probe  
  123  8:41  Zealot x3  
  129  8:52  Immortal  
  133  9:02  Protoss Ground Armor Level 1, Protoss Ground Weapons Level 1  
  127  9:05  Zealot x6  
  127  9:08  Probe  
  141  9:13  Probe  
  139  9:29  High Templar  
  141  9:33  Probe  
  141  9:34  Immortal  
  135  9:52  Probe  
  135  9:55  Zealot x6  
  135  9:56  Zealot, Probe  
  135  9:58  Robotics Bay  
  144  10:01  Robotics Facility  
  144  10:02  High Templar  
  144  10:03  Probe x2  
  144  10:05  Probe  
  147  10:08  Probe  
  147  10:10  Shield Battery  
  147  10:13  Immortal  
  152  10:15  Probe  
  152  10:17  Probe  
  152  10:18  Gateway  
  152  10:20  Gateway  
  155  10:24  Photon Cannon  
  155  10:26  Pylon  
  155  10:28  Pylon  
  154  10:32  Assimilator  
  138  10:36  Assimilator  
  138  10:42  Zealot x2, High Templar x2  
  142  10:43  Zealot x4  
  142  10:46  Probe  
  153  10:53  Probe  
  153  10:55  Photon Cannon, Colossus  
  153  10:56  Probe, Colossus  
  157  10:59  Protoss Ground Armor Level 2, Protoss Ground Weapons Level 2  
  157  11:08  High Templar  
  169  11:16  Zealot x2  
  169  11:17  Stalker  
  168  11:19  Stalker x2  
  150  11:33  Archon  
  150  11:34  Zealot x2  
  150  11:35  Zealot x2  
  150  11:38  Archon  
  122  11:43  Zealot  
  122  11:44  Zealot x5  
  122  11:45  Probe  
  100  11:47  Probe  
  99  11:55  Zealot x3  
  99  11:56  Colossus  
  104  12:01  Nexus  
  110  12:14  Nexus  
  108  12:20  High Templar x2  
  108  12:21  Stalker, High Templar x2  
  118  12:26  Archon  
  118  12:27  Pylon  
  118  12:39  Disruptor  
  118  12:44  Pylon  
  118  12:45  Probe x2  
  124  12:51  Extended Thermal Lance  
  124  12:52  Disruptor  
  124  12:57  Probe  
  125  13:00  Shield Battery  
  125  13:01  Pylon  
  125  13:02  Pylon  
  129  13:10  Disruptor  
  133  13:22  Stalker x3  
  139  13:28  Probe  
  139  13:29  Zealot, High Templar  
  139  13:30  Probe  
  145  13:45  Zealot x4, High Templar  
  145  13:46  Zealot x2  
  159  13:51  Probe  
  158  14:01  Disruptor  
  162  14:05  Probe  
  162  14:09  Stalker x2  
  165  14:19  Zealot x3  
  165  14:21  Probe, Pylon  
  172  14:25  Assimilator  
  172  14:26  Assimilator  
  172  14:27  Archon  
  142  14:38  Stalker x4  
  142  14:39  Stalker x2  
  122  14:48  High Templar  
  122  14:51  Zealot x2  
  122  14:52  Zealot  
  108  14:54  Probe  
  88  15:02  Zealot x4  
  88  15:03  Zealot x2  
Show
View Real Time Build Order
Export as new Build Order

Spirit Terran - Winner!

Build Orders: Reaper Expand 

Get SALT Encoding   

  12  0:00  SCV  
  13  0:13  SCV  
  14  0:17  Supply Depot  
  14  0:25  SCV  
  15  0:39  SCV, Barracks  
  16  0:44  Refinery  
  16  0:54  SCV  
  17  1:06  SCV  
  18  1:20  SCV  
  19  1:27  Reaper  
  19  1:32  Orbital Command  
  20  1:45  Command Center  
  20  1:50  Supply Depot  
  20  1:57  SCV  
  20  1:59  Marine  
  22  2:09  SCV  
  22  2:12  Factory  
  23  2:18  Bunker  
  23  2:19  Marine  
  23  2:21  SCV  
  25  2:33  SCV  
  26  2:37  Marine  
  27  2:45  Barracks  
  27  2:46  SCV  
  28  2:55  Factory Tech Lab  
  28  2:57  Orbital Command  
  28  2:58  SCV  
  28  3:00  Barracks Reactor  
  28  3:04  Refinery  
  29  3:11  SCV  
  30  3:13  Cyclone  
  30  3:18  Supply Depot  
  33  3:22  SCV  
  33  3:23  SCV  
  34  3:32  Barracks  
  34  3:35  Supply Depot, SCV x2  
  34  3:37  Marine  
  34  3:39  Marine  
  38  3:47  SCV  
  39  3:50  SCV  
  39  3:53  Stimpack  
  39  3:54  Marauder  
  42  3:58  Engineering Bay  
  42  3:59  SCV  
  44  4:02  SCV  
  44  4:05  Marine x2  
  44  4:09  Factory Tech Lab  
  46  4:11  SCV  
  46  4:15  SCV  
  48  4:17  Starport  
  48  4:20  Barracks Tech Lab  
  48  4:21  Refinery  
  48  4:23  SCV  
  48  4:24  Marauder  
  51  4:27  SCV  
  51  4:28  Missile Turret  
  51  4:31  Marine  
  52  4:34  Terran Infantry Weapons Level 1  
  52  4:35  SCV  
  54  4:39  SCV  
  54  4:41  Supply Depot, Refinery  
  55  4:47  SCV  
  55  4:48  Marine x2  
  55  4:49  Marine  
  55  4:51  SCV  
  60  4:53  Marine  
  60  4:58  Starport Reactor  
  60  4:59  SCV  
  62  5:02  Factory Reactor  
  62  5:03  SCV  
  62  5:05  Marine  
  64  5:08  Supply Depot  
  64  5:10  Marine  
  64  5:11  SCV, Marauder  
  68  5:14  Marauder  
  70  5:23  Supply Depot  
  70  5:25  Supply Depot  
  70  5:30  SCV x2, Marine  
  70  5:32  Marauder  
  70  5:34  Medivac  
  77  5:37  Marine  
  78  5:44  SCV  
  78  5:45  SCV, Marauder, Widow Mine x2  
  78  5:47  Medivac  
  78  5:48  Marine  
  89  5:56  SCV  
  87  5:59  Marine  
  87  6:00  SCV  
  85  6:06  Marine  
  85  6:15  SCV  
  85  6:16  Command Center  
  86  6:19  Barracks Tech Lab x2  
  86  6:20  SCV  
  83  6:26  Marine  
  83  6:27  Barracks  
  83  6:28  SCV, Medivac x2  
  83  6:29  Barracks  
  83  6:31  Supply Depot, Terran Infantry Armor Level 1  
  83  6:32  Supply Depot  
  89  6:34  SCV  
  89  6:37  Widow Mine x2  
  94  6:42  Combat Shield  
  94  6:43  Concussive Shells  
  94  6:52  SCV x2  
  94  6:53  Supply Depot, Marauder  
  98  6:54  Supply Depot  
  98  6:58  Marine, Marauder  
  98  7:00  Widow Mine  
  101  7:03  Widow Mine  
  101  7:05  SCV x2, Marine  
  106  7:10  Medivac x2  
  109  7:17  SCV, Ghost Academy, Barracks Reactor  
  109  7:19  Barracks Tech Lab  
  109  7:22  SCV  
  109  7:27  Marine  
  109  7:28  Marauder, Sensor Tower  
  109  7:29  SCV  
  113  7:31  Orbital Command  
  113  7:35  SCV, Marauder  
  113  7:36  Orbital Command  
  116  7:40  Marine  
  116  7:41  Marauder  
  116  7:43  SCV  
  118  7:47  Widow Mine x2  
  118  7:49  Marine, Marauder  
  125  7:52  SCV  
  125  7:56  Ghost  
  129  8:01  SCV  
  129  8:02  SCV  
  129  8:03  Supply Depot  
  129  8:04  SCV  
  132  8:06  Marauder, Armory  
  132  8:08  Supply Depot  
  132  8:09  Widow Mine  
  132  8:12  Widow Mine  
  138  8:16  Supply Depot, SCV  
  138  8:17  Supply Depot, SCV  
  138  8:21  Refinery x2, Viking  
  138  8:24  Viking  
  144  8:27  Marauder  
  144  8:30  Marine  
  144  8:31  Marauder  
  144  8:33  Marine, Marauder  
  150  8:35  Marine  
  150  8:38  Marine  
  150  8:48  Marauder  
  152  8:49  Supply Depot  
  152  8:51  Viking  
  152  8:52  Marauder  
  152  8:54  Ghost, Viking  
  157  8:57  Widow Mine  
  157  8:59  Marine  
  157  9:01  Marine  
  153  9:06  Widow Mine  
  153  9:09  Marine, Command Center, Marauder  
  158  9:11  Marine  
  158  9:13  Marauder  
  158  9:17  Marine  
  160  9:19  Marine, Widow Mine  
  160  9:21  Viking  
  160  9:23  Marauder  
  168  9:27  Marine  
  168  9:29  Marine  
  168  9:31  Marauder  
  171  9:34  Marine x2  
  171  9:37  Marine  
  171  9:44  SCV, Marine, Marauder  
  171  9:45  SCV x2  
  168  9:47  Marine  
  168  9:52  Marine x2, Marauder  
  168  9:55  Marine  
  168  9:57  SCV x3  
  169  10:02  Terran Infantry Weapons Level 2  
  171  10:10  Supply Depot  
  171  10:11  Supply Depot  
  171  10:20  SCV x3, Marine x2, Ghost x2  
  180  10:31  Ghost  
  180  10:33  SCV x2  
  173  10:36  Marine  
  173  10:38  Medivac x2  
  173  10:40  Widow Mine x2  
  182  10:45  Marine  
  182  10:46  Marine  
  182  10:48  Ghost x2, Refinery  
  182  10:49  Refinery  
  190  10:55  Planetary Fortress  
  190  10:56  SCV x2  
  190  10:57  SCV  
  193  10:59  Ghost  
  196  11:08  Engineering Bay  
  196  11:14  SCV x3, Command Center  
  196  11:16  Widow Mine x2  
  196  11:19  Marine  
  196  11:24  Marine  
  188  11:26  SCV  
  188  11:27  Marine  
  185  11:33  Marine  
  185  11:34  Marauder  
  185  11:36  Marine  
  185  11:37  Marine  
  185  11:38  Marauder  
  172  11:40  Medivac x2  
  172  11:42  Marine  
  169  11:47  Terran Infantry Armor Level 2  
  169  11:50  Barracks  
  169  11:51  Marine  
  169  11:52  Barracks  
  169  11:53  Barracks  
  170  11:55  Marauder  
  170  11:57  Marine  
  170  12:00  Marine  
  170  12:01  Marine, Marauder  
  155  12:06  Marauder  
  156  12:08  Marine  
  156  12:10  Viking x2  
  156  12:14  Starport  
  156  12:15  Marine  
  160  12:16  SCV x3  
  160  12:17  Missile Turret  
  159  12:23  SCV  
  160  12:30  SCV x2  
  162  12:39  Barracks Tech Lab x3  
  162  12:40  Sensor Tower, Viking x2  
  162  12:41  Terran Infantry Weapons Level 3  
  162  12:42  Terran Ship Weapons Level 1  
  162  12:44  Planetary Fortress  
  166  12:45  Ghost  
  169  12:51  Viking  
  169  12:52  Viking  
  169  12:54  Ghost  
  176  12:59  Missile Turret  
  182  13:06  Missile Turret  
  182  13:08  Sensor Tower  
  182  13:10  Viking  
  189  13:16  Marine  
  192  13:24  Fusion Core  
  192  13:26  Viking  
  198  13:28  Marauder x5, Viking  
  198  13:29  Viking  
  194  13:40  Viking  
  192  13:48  Command Center  
  192  13:56  Viking  
  192  13:58  Viking  
  192  13:59  Viking  
  198  14:14  Command Center  
  192  14:30  Ghost  
  192  14:31  Ghost  
  195  14:36  Marine  
  195  14:37  Liberator x2, Marauder  
  198  14:41  Marine, Marauder  
  198  14:43  Marine x2  
  198  14:44  Marauder  
  198  14:49  Marine  
  192  14:54  Marine  
  192  14:58  Marauder  
  192  14:59  Marine x2  
  190  15:01  Marine x2  
Tags
 
Add a new tag
Caveats
  • Supply blocks, unpowered buildings, or Contaminate may cause inaccurate times.
  • Supply counts are checked every 10 seconds.